 Dungeon Sprint DCSS version 0.21.1-1-g345015f (webtiles) character file.

170 equalderp2856 the Blocker (level 5, -8/51 (52) HPs)
             Began as a Minotaur Fighter on May 25, 2018.
             Mangled by a neqoxec (11 damage)
             ... in the Dungeon (Sprint II: "The Violet Keep of Menkaure").
             The game lasted 00:00:20 (23 turns).

equalderp2856 the Blocker (Minotaur Fighter)          Turns: 23, Time: 00:00:20

HP:   -8/51 (52)    AC:  8    Str: 20    XL:     5   Next: 25%
MP:   4/4           EV:  8    Int:  5    God:
Gold: 0             SH: 11    Dex: 11    Spells: 4/4 levels left

rFire    . . .     SeeInvis .   a - +0 war axe
rCold    . . .     Gourm    .   c - +0 shield
rNeg     . . .     Faith    .   b - +0 scale mail
rPois    .         Spirit   .   (helmet restricted)
rElec    .         Reflect  .   (no cloak)
rCorr    .         Harm     .   (no gloves)
MR       .....     NoTele   +   (no boots)
Stlth    ..........             (no amulet)
HPRegen  0.17/turn              (no ring)
MPRegen  0.09/turn              (no ring)

@: no status effects
A: retaliatory headbutt, horns 2, subdued magic 1
a: no special abilities


You were in the Dungeon.
You were not hungry.

You visited 1 branch

Inventory:

Hand Weapons
 a - a +0 war axe (weapon)
Armour
 b - a +0 scale mail (worn)
 c - a +0 shield (worn)
Scrolls
 k - a scroll of blinking
Potions
 d - a potion of might
 e - a potion of curing
 g - a potion of heal wounds
 h - a potion of haste
 i - 2 potions of magic
 j - a potion of berserk rage
Comestibles
 f - a ration


   Skills:
 + Level 7.3 Fighting
 + Level 5.8 Axes
 + Level 7.6 Armour
 + Level 8.0 Shields


You had 4 spell levels left.
You didn't know any spells.

Dungeon Overview and Level Annotations

Branches:
Dungeon (1/1)

Altars:


Innate Abilities, Weirdness & Mutations

You reflexively headbutt those who attack you in melee.
You have a pair of horns on your head.
Your spells are a little easier to cast, but a little less powerful.


Message History

You hit the neqoxec but do no damage.
The neqoxec is moderately wounded.
You hit the necrophage.
You destroy the necrophage!
Your Fighting skill increases to level 7!
Your Axes skill increases to level 5!
Your Armour skill increases to level 7!
Your Shields skill gained 2 levels and is now at level 8!
You have reached level 5!
You closely miss the necrophage. You block the necrophage's attack.
The neqoxec gestures at you.
Strange energies course through your body.
Your connection to magic feels subdued.
You miss the neqoxec. You headbutt the neqoxec.
The neqoxec is heavily wounded.
You hit the necrophage. x2; The necrophage closely misses you.
You furiously retaliate!
You headbutt the necrophage.
The necrophage hits you but does no damage.
The neqoxec hits you but does no damage.
You block the necrophage's attack. x2; The neqoxec hits you!
You die... ## ## .# #. ## H#H

# ##.# #+#
5#
#..n##5##5#
#@33355#
#..n##3##55#
##.# #+# .#
## $#. # .w
w. ##. .##
## ##


You could see 4 neqoxecs, 2 necrophages, an iron imp, a quasit, a crimson imp, a
white imp, a shadow imp and an ufetubus.

Vanquished Creatures
  2 necrophages (D)
2 creatures vanquished.

Notes
Turn   | Place    | Note
-------+----------+-------------------------------------------
     0 | D        | equalderp2856 the Minotaur Fighter began the quest for the Orb.
     0 | D        | Reached XP level 1. HP: 19/19 MP: 0/0
     1 | D        | Noticed a tyrant leech
     1 | D        | Noticed a tyrant leech
     5 | D        | Noticed a hippogriff
     5 | D        | Noticed a hippogriff
     9 | D        | Noticed a neqoxec
     9 | D        | Noticed a neqoxec
     9 | D        | Noticed a neqoxec
     9 | D        | Noticed a neqoxec
    10 | D        | Noticed a crimson imp
    10 | D        | Noticed an iron imp
    12 | D        | Noticed a necrophage
    12 | D        | Noticed a necrophage
    12 | D        | Noticed a necrophage
    12 | D        | Noticed a necrophage
    15 | D        | Noticed a quasit
    20 | D        | Killed a necrophage
    20 | D        | Reached skill level 6 in Shields
    20 | D        | Reached XP level 2. HP: 5/29 MP: 1/1
    20 | D        | Reached XP level 3. HP: 6/36 MP: 2/2
    20 | D        | Reached XP level 4. HP: 7/43 MP: 3/3
    21 | D        | HP: 2/43 [neqoxec (6)]
    22 | D        | Killed a necrophage
    22 | D        | Reached skill level 5 in Axes
    22 | D        | Reached skill level 8 in Shields
    22 | D        | Reached XP level 5. HP: 2/51 MP: 4/4
    22 | D        | Gained mutation: Your spells are a little easier to cast, but a little less powerful. [a neqoxec]
    23 | D        | Mangled by a neqoxec

Skill      XL: |  1  2  3  4 |
---------------+-------------+-----
Fighting       | 6 7 |  7.3
Axes           | 4 5 |  5.8
Armour         | 6 7 |  7.6
Shields        | 6 8 |  8.0

Action                   |  1- 3 |  4- 6 || total
-------------------------+-------+-------++-------
Melee: War axe           |     7 |     3 ||    10
       Headbutt          |       |     2 ||     2
Armor: Scale mail        |     9 |     4 ||    13
Dodge: Dodged            |     2 |     4 ||     6
Block: Shield            |    11 |     5 ||    16
